 Dungeon Sprint DCSS version 0.27-a0-1513-g2aaa0cc67b (webtiles) character file.

Game seed: 15557777110306337894

65074 mhtbhm the Hoplite (level 14, 0/149 HPs)
             Began as a Minotaur Fighter on July 9, 2021.
             Was the Champion of Qazlal.
             Slain by a death cob (9 damage)
             ... in the Dungeon (Sprint IX: "|||||||||||||||||||||||||||||").
             The game lasted 00:10:35 (4238 turns).

mhtbhm the Hoplite (Minotaur Fighter)               Turns: 4238, Time: 00:10:36

Health: 0/149      AC: 34    Str: 28    XL:     14   Next: 74%
Magic:  23/24      EV: 11    Int:  5    God:    Qazlal [******]
Gold:   121        SH: 31    Dex: 11    Spells: 13/13 levels left

rFire    . . .     SeeInvis .   a - +10 zealot's sword {holy, *Rage rN+ EV+3}
rCold    . . .     Faith    .   c - +0 kite shield {reflect}
rNeg     + . .     Spirit   .   b - +1 crystal plate armour
rPois    .         Reflect  +   A - +0 hat {Will+}
rElec    +         Harm     .   m - +0 cloak
rCorr    .         Rampage  .   n - +0 pair of gloves
Will     ++...     Rnd*Rage +   x - +0 pair of boots Stlth ..........NoTele +
                                z - amulet of reflection
HPRegen  0.34/turn              o - +2 ring of protection
MPRegen  0.19/turn              p - +3 ring of strength

@: protected from electricity, on berserk cooldown, hasted and slowed, repel
missiles
A: horns 2, retaliatory headbutt
a: Renounce Religion, Upheaval, Elemental Force, Disaster Area


You were in the Dungeon.
You worshipped Qazlal.
Qazlal was exalted by your worship.
You visited 1 branch You collected 1921 gold pieces.
You spent 1800 gold pieces at shops.

Inventory:

Hand Weapons
 a - the +10 zealot's sword (weapon) {holy, *Rage rN+ EV+3}
   (You found it in the Dungeon)

   It has been blessed by the Shining One to cause great damage to the undead
   and demons.
   EV:        It affects your evasion (+3).
   rN:        It protects you from negative energy.
   *Rage:     It may make you go berserk in combat.
Missiles
 y - a throwing net (quivered)
 H - 6 javelins
 I - a curare-tipped dart
Armour
 b - a +1 crystal plate armour (worn)
 c - a +0 kite shield of reflection (worn)
 m - a +0 cloak (worn)
 n - a +0 pair of gloves (worn)
 x - a +0 pair of boots (worn)
 A - a +0 hat of willpower (worn)
Jewellery
 o - a +2 ring of protection (left hand)
 p - a +3 ring of strength (right hand)
 z - an amulet of reflection (around neck)
 B - a ring of protection from cold
 C - a ring of protection from fire
 D - a ring of willpower
 E - a ring of protection from cold
Wands
 l - a wand of acid (8)
Scrolls
 k - 2 scrolls of amnesia
 t - a scroll of fog
 u - 4 scrolls of enchant armour
 v - 2 scrolls of fear
 w - 2 scrolls of enchant weapon
 F - a scroll of identify
Potions
 d - a potion of might
 e - 6 potions of curing
 h - 4 potions of magic
 i - a potion of invisibility
 q - 2 potions of brilliance
 r - 2 potions of mutation
 s - 2 potions of ambrosia
 G - a potion of attraction {unknown}


   Skills:
 + Level 20.6 Fighting
 + Level 20.8 Long Blades
 + Level 12.7 Polearms
 + Level 4.7 Throwing
 + Level 18.7 Armour
 + Level 5.6 Dodging
 + Level 1.6 Stealth
 + Level 23.5 Shields
 * Level 15.9 Invocations
 + Level 1.4 Evocations


You had 13 spell levels left.
You didn't know any spells.
Your spell library contained the following spells:

 Spells                   Type           Power      Damage    Failure   Level
 Static Discharge         Conj/Air       0%         N/A       100%        2
 Frozen Ramparts          Ice            0%         1d2       100%        3
 Dispel Undead            Necr           0%         3d6       100%        4
 Ice Form                 Ice/Tmut       0%         N/A       100%        4
 Leda's Liquefaction      Hex/Erth       0%         N/A       100%        4
 Sticky Flame             Conj/Fire      0%         2d3       100%        4
 Summon Ice Beast         Ice/Summ       0%         N/A       100%        4
 Bolt of Magma            Conj/Fire/Erth 0%         4d4       100%        5
 Summon Forest            Summ/Tloc      0%         N/A       100%        5
 Summon Mana Viper        Hex/Summ       0%         N/A       100%        5
 Shadow Creatures         Summ           N/A        N/A       100%        6
 Statue Form              Tmut/Erth      0%         N/A       100%        6


Dungeon Overview and Level Annotations

Branches:
Dungeon (1/1)

Altars:
Cheibriados
Dithmenos
Elyvilon
Fedhas
Gozag
Hepliaklqana
Kikubaaqudgha
Makhleb
Nemelex Xobeh
Okawaru
Qazlal
Ru
Sif Muna
Trog
Uskayaw
Vehumet
Wu Jian
Xom
Yredelemnul
Zin
The Shining One
Beogh
Jiyva
Lugonu

Shops:
D :=[(

Annotations:
D Cerebov


Innate Abilities, Weirdness & Mutations

You have a pair of horns on your head.
You reflexively headbutt those who attack you in melee.


Message History

Press: ? - help, Dir - move target
As you read the scroll of blinking, it crumbles to dust.
The Orb Guardian moves out of view.
Okay, then.
Okay, then.
You feel much better.
Unknown command.
Press: ? - help, v - describe, . - travel, g - get item
Here: a death cob
Items here: ( )) [ †.
The floor, spattered with blood.
The death cob hits you!!
* * * LOW HITPOINT WARNING * * *
The death cob drains your vigour!
You feel as though you will be slow longer.
Cerebov gestures.
Cerebov seems to speed up.
The death cob hits you!
* * * LOW HITPOINT WARNING * * *
You block the death cob's attack.
You see here a sphinx corpse.
Okay, then.
Blink to where?
Press: ? - help, Dir - move target
As you read the scroll of blinking, it crumbles to dust.
Unknown command.
You open the door. The death cob hits you!
* * * LOW HITPOINT WARNING * * *
The death cob drains your vigour!
You feel as though you will be slow longer.
You block the death cob's attack.
Cerebov shouts, "Surrender, thou pecksniffian elf-skinned pignut!"
You block the death cob's attack.
The death cob hits you but does no damage.
Blink to where?
Press: ? - help, Dir - move target
As you read the scroll of blinking, it crumbles to dust.
You feel yourself speed up. You block the death cob's attack. x2
The death cob hits you!
You die...

▓▓▓▓▓▓▓▓▓▓▓▓▓▓▓▓▓▓▓▓▓▓▓▓▓▓▓▓▓▓▓▓▓
......[)((.[[...@z.....&')))†)&))
▓▓▓▓▓▓▓▓▓▓▓▓▓▓▓▓▓▓▓▓▓▓▓▓▓▓▓▓▓▓▓▓▓
.................................
▓▓▓▓▓▓▓▓▓▓▓▓▓▓▓▓▓▓▓▓▓▓▓▓▓▓▓▓▓▓▓▓▓
...))).).....')))).....††.†......
▓▓▓▓▓▓▓▓▓▓▓▓▓▓▓▓▓▓▓▓▓▓▓▓▓▓▓▓▓▓▓▓▓
.................................
▓▓▓▓▓▓▓▓▓▓▓▓▓▓▓▓▓▓▓▓▓▓▓▓▓▓▓▓▓▓▓▓▓
...)))))))).[[[[[[[[..........'))


You could see Cerebov (fast) and a death cob.

Vanquished Creatures
  A lich (D)
  Gastronok (D)
  A sphinx (D)
  A nagaraja (D)
  Donald (D)
  A vault warden (D)
  A fire giant (D)
  A deep elf elementalist (D)
  An orc warlord (D)
  A very ugly thing (D)
  2 ironbound preservers (D)
  3 stone giants (D)
  2 entropy weavers (D)
  A bunyip (D)
  An eleionoma (D)
  3 fire dragons (D)
  A rakshasa (D)
  2 ice dragons (D)
  A peacekeeper (D)
  2 great orbs of eyes (D)
  A hydra (D)
  A yaktaur captain (D)
  2 ironbound thunderhulks (D)
  A spriggan air mage (D)
  Erolcha (D)
  2 boulder beetles (D)
  A death knight (D)
  A satyr (D)
  2 tengu warriors (D)
  2 centaur warriors (D)
  4 deep troll shamans (D)
  An orc high priest (D)
  Urug (D)
  A shock serpent (D)
  A deep troll earth mage (D)
  A shock serpent (shapeshifter) (D)
  3 goliath frogs (D)
  A swamp dragon (D)
  2 ironbound convokers (D)
  3 orc knights (D)
  An orb spider (D)
  A deep elf pyromancer (D)
  A harpy (D)
  A salamander (D)
  A wolf spider (D)
  9 orc sorcerers (D)
  3 manticores (D)
  An ugly thing (D)
  A will-o-the-wisp (D)
  A cyclops (D)
  A naga mage (D)
  A merfolk siren (D)
  4 black mambas (D)
  A water nymph (D)
  A cane toad (D)
  A kobold demonologist (D)
  An efreet (D)
  5 komodo dragons (D)
  A demonic crawler (D)
  4 polar bears (D)
  A jumping spider (D)
  A polar bear (shapeshifter) (D)
  2 merfolk (D)
  A troll (D)
  A meliai (D)
  2 hornets (D)
  A hornet (shapeshifter) (D)
  A blink frog (D)
  2 dream sheep (D)
  A spriggan (D)
  3 redbacks (D)
  A water elemental (D)
  A yak (D)
  A wyvern (D)
  A basilisk (D)
  2 nagas (D)
  3 water moccasins (D)
  4 black bears (D)
  6 orc warriors (D)
  An ogre (D)
  A boggart (D)
  A wolf (D)
  2 bullfrogs (D)
  A howler monkey (D)
  3 orc priests (D)
  A hound (D)
  An iguana (D)
  12 orc wizards (D)
  An adder zombie (D)
  A dart slug (D)
  8 orcs (D)
  A bat zombie (D)
  A goblin (D)
  A hobgoblin (D)
  A kobold (D)
  A giant cockroach zombie (D)
  A rat (D)
174 creatures vanquished.

Vanquished Creatures (others)
  2 foxfires (D)
2 creatures vanquished.

Grand Total: 176 creatures vanquished

Notes
Turn   | Place    | Note
-------+----------+-------------------------------------------
     0 | D        | mhtbhm the Minotaur Fighter began the quest for the Orb.
     0 | D        | Reached XP level 1. HP: 19/19 MP: 0/0
     6 | D        | Reached skill level 4 in Shields
    50 | D        | Noticed an ogre
    50 | D        | Noticed a hound
    50 | D        | Noticed an iguana
    54 | D        | Killed an ogre
    55 | D        | Reached skill level 5 in Polearms
    55 | D        | Reached skill level 6 in Shields
    55 | D        | Reached XP level 2. HP: 31/31 MP: 1/1
    55 | D        | Reached XP level 3. HP: 38/38 MP: 2/2
    55 | D        | Reached XP level 4. HP: 45/45 MP: 3/3
    59 | D        | Reached skill level 7 in Shields
    59 | D        | Reached XP level 5. HP: 52/52 MP: 4/4
   104 | D        | Found a snail-covered altar of Cheibriados.
   104 | D        | Found a shadowy altar of Dithmenos.
   104 | D        | Found a white marble altar of Elyvilon.
   104 | D        | Found a blossoming altar of Fedhas.
   104 | D        | Found an opulent altar of Gozag.
   105 | D        | Found a hazy altar of Hepliaklqana.
   106 | D        | Found a viscous altar of Jiyva.
   107 | D        | Found an ancient bone altar of Kikubaaqudgha.
   108 | D        | Found a corrupted altar of Lugonu.
   109 | D        | Found a burning altar of Makhleb.
   110 | D        | Found a sparkling altar of Nemelex Xobeh.
   111 | D        | Found an iron altar of Okawaru.
   112 | D        | Found a stormy altar of Qazlal.
   113 | D        | Found a sacrificial altar of Ru.
   114 | D        | Found a shimmering blue altar of Sif Muna.
   115 | D        | Found a bloodstained altar of Trog.
   116 | D        | Found a hide-covered altar of Uskayaw.
   117 | D        | Found a radiant altar of Vehumet.
   118 | D        | Found an ornate altar of the Wu Jian Council.
   119 | D        | Found a shimmering altar of Xom.
   120 | D        | Became a worshipper of Qazlal Stormbringer
   121 | D        | Found a basalt altar of Yredelemnul.
   122 | D        | Found a glowing silver altar of Zin.
   123 | D        | Found a glowing golden altar of the Shining One.
   132 | D        | Found the +10 zealot's sword {holy, *Rage rN+ EV+3}
   184 | D        | Noticed a hornet
   184 | D        | Noticed an orc warrior
   200 | D        | Killed a hornet
   200 | D        | Reached * piety under Qazlal
   201 | D        | Reached skill level 1 in Long Blades
   201 | D        | Reached skill level 9 in Shields
   201 | D        | Reached XP level 6. HP: 27/63 MP: 5/5
   203 | D        | Killed an orc warrior
   204 | D        | Reached skill level 10 in Shields
   205 | D        | Reached ** piety under Qazlal
   421 | D        | Noticed a cyclops
   421 | D        | Noticed a kobold demonologist
   421 | D        | Noticed a centaur warrior
   421 | D        | Noticed a troll
   421 | D        | Noticed a deep elf pyromancer
   421 | D        | Noticed a boulder beetle
   427 | D        | Killed a cyclops
   428 | D        | Reached skill level 10 in Fighting
   428 | D        | Reached skill level 10 in Polearms
   428 | D        | Reached skill level 10 in Armour
   428 | D        | Reached XP level 7. HP: 63/72 MP: 6/6
   429 | D        | Noticed a chaos spawn
   432 | D        | Killed a kobold demonologist
   433 | D        | Reached skill level 5 in Long Blades
   433 | D        | Reached skill level 1 in Dodging
   433 | D        | Reached skill level 11 in Shields
   433 | D        | Reached XP level 8. HP: 71/80 MP: 7/7
   437 | D        | Killed a deep elf pyromancer
   440 | D        | Killed a centaur warrior
   440 | D        | Reached *** piety under Qazlal
   441 | D        | Reached skill level 12 in Shields
   441 | D        | Reached XP level 9. HP: 45/89 MP: 8/8
   442 | D        | Killed a troll
   660 | D        | Killed a boulder beetle
   661 | D        | Reached skill level 10 in Long Blades
   875 | D        | Noticed a komodo dragon
   875 | D        | Noticed a black mamba
   878 | D        | Reached **** piety under Qazlal
   881 | D        | Noticed a komodo dragon
   889 | D        | Killed a komodo dragon
   892 | D        | Noticed a komodo dragon
   893 | D        | Killed a black mamba
   894 | D        | Reached skill level 13 in Shields
   894 | D        | Reached XP level 10. HP: 85/97 MP: 9/9
   906 | D        | Reached ***** piety under Qazlal
   972 | D        | Noticed a cane toad
   993 | D        | Killed a cane toad
   995 | D        | Reached ****** piety under Qazlal
  1135 | D        | Reached skill level 14 in Shields
  1139 | D        | Reached skill level 1 in Stealth
  1243 | D        | Noticed Urug
  1254 | D        | Killed Urug
  1255 | D        | Reached skill level 15 in Long Blades
  1255 | D        | Reached XP level 11. HP: 102/108 MP: 10/10
  1438 | D        | Noticed an orc sorcerer
  1438 | D        | Noticed an orc high priest
  1438 | D        | Noticed an orc knight
  1440 | D        | Noticed an orc sorcerer
  1444 | D        | Noticed an orc sorcerer
  1448 | D        | Killed an orc sorcerer
  1449 | D        | Noticed an orc knight
  1459 | D        | Killed an orc high priest
  1465 | D        | Killed an orc knight
  1466 | D        | Reached skill level 15 in Shields
  1466 | D        | Noticed a sun demon
  1476 | D        | Paralysed by an orc sorcerer for 3 turns
  1480 | D        | Killed an orc sorcerer
  1482 | D        | Killed an orc sorcerer
  1483 | D        | Reached skill level 15 in Fighting
  1492 | D        | Killed an orc knight
  1694 | D        | Found Tishoac's Book Emporium.
  1694 | D        | Noticed an orc sorcerer
  1694 | D        | Noticed an orc sorcerer
  1695 | D        | Killed an orc sorcerer
  1696 | D        | Reached skill level 1 in Invocations
  1697 | D        | Found Mumodaott's Jewellery Shoppe.
  1698 | D        | Noticed an orc sorcerer
  1701 | D        | Killed an orc sorcerer
  1703 | D        | Noticed an orc sorcerer
  1704 | D        | Found Fewo Ylo's Armour Emporium.
  1710 | D        | Killed an orc sorcerer
  1711 | D        | Reached skill level 15 in Armour
  1712 | D        | Found Kiahohun's Antique Weapon Shoppe.
  1713 | D        | Noticed an orc sorcerer
  1716 | D        | Noticed an orc sorcerer
  1717 | D        | Killed an orc sorcerer
  1718 | D        | Reached skill level 16 in Shields
  1731 | D        | Killed an orc sorcerer
  1732 | D        | Reached skill level 5 in Dodging
  1735 | D        | Killed an orc sorcerer
  1807 | D        | Bought a +2 plate armour of fire resistance for 480 gold
                  | pieces
  1818 | D        | Bought an amulet of reflection for 420 gold pieces
  1825 | D        | Bought a book of Stone for 360 gold pieces
  1825 | D        | Bought a book of Touch for 260 gold pieces
  1825 | D        | Bought a book of Rime for 280 gold pieces
  1889 | D        | Noticed Gastronok
  1903 | D        | Killed Gastronok
  1904 | D        | Reached XP level 12. HP: 122/122 MP: 12/14
  2019 | D        | Noticed a death knight
  2035 | D        | Reached skill level 5 in Invocations
  2035 | D        | Noticed a lich
  2039 | D        | Noticed a great orb of eyes
  2040 | D        | Killed a death knight
  2041 | D        | Noticed a brown very ugly thing
  2053 | D        | Noticed a deep troll shaman
  2058 | D        | Killed a lich
  2059 | D        | Reached skill level 17 in Shields
  2061 | D        | Noticed a fire dragon
  2063 | D        | Killed a brown very ugly thing
  2065 | D        | Noticed a tengu warrior
  2068 | D        | Noticed a fire giant
  2070 | D        | Killed a great orb of eyes
  2075 | D        | Killed a deep troll shaman
  2374 | D        | Killed a fire dragon
  2375 | D        | Reached skill level 1 in Evocations
  2480 | D        | Killed a fire giant
  2629 | D        | Killed a tengu warrior
  2825 | D        | Noticed Donald
  2839 | D        | Killed Donald
  2840 | D        | Reached skill level 18 in Shields
  2873 | D        | Noticed Erolcha
  2895 | D        | Killed Erolcha
  2999 | D        | Noticed a nagaraja
  3009 | D        | Killed a nagaraja
  3010 | D        | Reached skill level 10 in Invocations
  3010 | D        | Reached XP level 13. HP: 84/134 MP: 3/19
  3262 | D        | Reached skill level 1 in Throwing
  3268 | D        | Reached skill level 19 in Shields
  3320 | D        | Noticed an entropy weaver
  3340 | D        | Killed an entropy weaver
  3389 | D        | Noticed a bunyip
  3390 | D        | Noticed an eleionoma
  3400 | D        | Killed an eleionoma
  3401 | D        | Reached skill level 20 in Shields
  3402 | D        | Killed a bunyip
  3589 | D        | Noticed a fire dragon
  3589 | D        | Noticed a stone giant
  3595 | D        | Noticed a stone giant
  3607 | D        | Killed a fire dragon
  3622 | D        | Noticed a deep elf elementalist
  3623 | D        | Killed a stone giant
  3624 | D        | Reached skill level 21 in Shields
  3628 | D        | Killed a stone giant
  3629 | D        | Reached XP level 14. HP: 125/146 MP: 22/22
  3629 | D        | Noticed a stone giant
  3631 | D        | Killed a deep elf elementalist
  3642 | D        | Killed a stone giant
  3650 | D        | Reached skill level 22 in Shields
  3710 | D        | HP: 4/148 [fire dragon/blast of flame (39)]
  4170 | D        | Noticed an ironbound preserver
  4174 | D        | Noticed a sphinx
  4188 | D        | Noticed a vault warden
  4194 | D        | Reached skill level 15 in Invocations
  4197 | D        | Killed an ironbound preserver
  4202 | D        | Killed a sphinx
  4204 | D        | Noticed an orc warlord
  4205 | D        | Killed a vault warden
  4206 | D        | Reached skill level 23 in Shields
  4206 | D        | Noticed an ironbound preserver
  4220 | D        | Killed an orc warlord
  4225 | D        | Killed an ironbound preserver
  4230 | D        | Found the +6 sword of Cerebov {flame}
  4230 | D        | Noticed Cerebov
  4230 | D        | Noticed a death cob
  4230 | D        | Noticed an Orb Guardian
  4234 | D        | HP: 7/149 [death cob (11)]
  4238 | D        | Slain by a death cob

Illustrated notes

Levels and vault maps discovered:
D:        linesprint [early_d, line_temple, items_1, d_10, items_2, lair_1,
          lair_end, items_3, orc_1, orc_end, items_4, d_15, swamp_1, shoals_1,
          snake_1, spider_1, d_20, vaults_1, items_5, swamp_end, shoals_end,
          snake_end, spider_end, vaults_end, d_27, items_6, zot_1, zot_end,
          crypt_end, forest_end, elf_end, slime_end, tomb_end, abyss_end,
          pan_hell_end]

Skill      XL: |  1  2  3  4  5  6  7  8  9 10 11 12 13 14 |
---------------+-------------------------------------------+-----
Fighting       | 6 7 9 10 11 12 13 16 18 19 20 | 20.6
Armour         | 6 7 8 10 11 13 14 15 16 18 | 18.7
Shields        | 6 7 9 10 11 12 13 14 16 18 21 23 | 23.5
Polearms       | 5 6 9 10 11 12 | 12.7
Long Blades    | 1 3 5 8 11 15 17 18 19 20 | 20.8
Dodging        | 1 2 4 5 |  5.6
Stealth        | 1 |  1.6
Invocations    | 4 10 13 15 | 15.9
Evocations     | 1 |  1.4
Throwing       | 4 |  4.7

Action                   |  1- 3 |  4- 6 |  7- 9 | 10-12 | 13-15 || total
-------------------------+-------+-------+-------+-------+-------++-------
Melee: Trident           |    12 |     7 |       |       |       ||    19
       Headbutt          |     2 |     7 |     6 |    66 |    47 ||   128
       Eudemon blade     |       |    24 |    41 |   288 |   186 ||   539
Throw: Javelin           |       |       |       |       |    10 ||    10
Invok: Disaster Area     |       |       |       |     4 |     5 ||     9
       Upheaval          |       |       |       |     1 |       ||     1
Evoke: Wand              |       |       |       |     2 |       ||     2
  Use: Potion            |     1 |     1 |       |     6 |     3 ||    11
       Scroll            |       |       |       |     1 |     3 ||     4
Armor: Scale mail        |     1 |     1 |       |       |       ||     2
       Chain mail        |       |     8 |    13 |    30 |       ||    51
       Plate armour      |       |       |       |    22 |       ||    22
       Crystal plate arm |       |       |       |     3 |    35 ||    38
Dodge: Dodged            |     2 |     6 |    12 |    29 |    30 ||    79
       Repelled          |       |       |       |     4 |     1 ||     5
Block: Kite shield       |     4 |    18 |    24 |   139 |   175 ||   360
       Reflection        |       |       |       |       |     4 ||     4
       Rpst.: Eudemon blade |       |     1 |     2 |     6 |     2 ||    11

Table legend: (Time is in decaauts)
 A = Elapsed time spent in this place.
 B = Non-inter-level travel time spent in this place.
 C = Inter-level travel time spent in this place.
 D = Time resting spent in this place.
 E = Time spent auto-exploring this place.
 F = Levels seen in this place.
 G = Mean time per level.
                   A        B        C        D        E       F      G
               +--------+--------+--------+--------+--------+-----+--------+
         Total |   4144 |   4144 |      0 |   2247 |    425 |   1 | 4144.0 |
       Dungeon |   4144 |   4144 |      0 |   2247 |    425 |   1 | 4144.0 |
               +--------+--------+--------+--------+--------+-----+--------+

Top non-repeatable levels by time:
       D: 4144 daAuts
